 Dungeon Crawl Stone Soup version 0.17.0-19-gb37c632 (console) character file.

156 Kloppie the Firebug (level 5, -3/41 HPs)
             Began as a Formicid Fire Elementalist on Nov 12, 2015.
             Shot with a stone by a goblin (7 damage)
             ... led by Robin
             ... on level 2 of the Dungeon.
             The game lasted 00:05:38 (1960 turns).

Kloppie the Firebug (Formicid Fire Elementalist)    Turns: 1960, Time: 00:05:38

Health: -3/41      AC:  3    Str: 13    XL:     5   Next: 64%
Magic:  8/8        EV: 12    Int: 15    God:
Gold:   69         SH:  0    Dex: 11    Spells: 2 memorised, 3 levels left

rFire  . . .     SeeInvis +     q - +0 flail
rCold  . . .     Clarity  .     a - +0 robe
rNeg   . . .     SustAt   .     (no shield)
rPois  .         Gourm    .     (helmet unavailable)
rElec  .         Spirit   .     h - +0 cloak
rCorr  .         Warding  .     (no gloves)
rMut   .         Stasis   +     (no boots)
MR     .....                    (no amulet)
Stlth  ++........               (no ring)
                                (no ring)

@: not resistant to hostile enchantments, unstealthy
A: permanent stasis, dig shafts and tunnels, four strong arms, antennae 3
a: Dig, Shaft Self


You were on level 2 of the Dungeon.
You were not hungry.

You visited 1 branch of the dungeon, and saw 2 of its levels.

You collected 69 gold pieces.

Inventory:

Hand Weapons
 q - a +0 flail (weapon)
Armour
 a - a +0 robe (worn)
 h - a +0 cloak (worn)
Scrolls
 e - 3 scrolls of identify {unknown}
 f - a scroll of enchant weapon {unknown}
 g - a scroll of enchant armour {unknown}
 l - 2 scrolls of teleportation {unknown}
 n - a scroll of random uselessness {unknown}
Potions
 d - a potion of cure mutation {unknown}
 i - a potion of resistance {unknown}
 o - a potion of curing {unknown}
 p - a potion of ambrosia {unknown}
Books
 b - a book of Flames

   Spells                             Type                      Level
   a - Flame Tongue                   Conjuration/Fire             1
   b - Throw Flame                    Conjuration/Fire             2
   c - Conjure Flame                  Conjuration/Fire             3
   d - Inner Flame                    Hexes/Fire                   3
   e - Sticky Flame                   Conjuration/Fire             4
   f - Fireball                       Conjuration/Fire             5
Comestibles
 c - a bread ration
 j - 2 meat rations
 k - 11 chunks of flesh
 m - 2 fruits


   Skills:
 + Level 3.2 Fighting
 - Level 1.7 Dodging
 - Level 2.4 Stealth
 - Level 2.1 Spellcasting
 + Level 2.4 Conjurations
 + Level 4.1 Fire Magic


You had 3 spell levels left.
You knew the following spells:

 Your Spells              Type           Power        Failure   Level  Hunger
a - Flame Tongue          Conj/Fire      ##...        8%          1    #......
b - Sticky Flame          Conj/Fire      ##......     67%         4    #####..


Dungeon Overview and Level Annotations

Branches:
Dungeon (2/15)

Altars:

Annotations:
D:2 Robin


Innate Abilities, Weirdness & Mutations

You are under a permanent stasis effect.
You can dig through walls and to a lower floor.
Your four strong arms can wield two-handed weapons with a shield.
You have a pair of large antennae on your head (SInv).


Message History

You see here a dagger.
Items here: ))) ÷÷÷
Okay, then.
You start resting.
A goblin is nearby!
The goblin shouts!
The goblin unwields an uncursed club.
The goblin wields a runed hunting sling.
It is covered in frost.
The goblin shoots a stone.
The stone hits you. The stone freezes you.
The goblin shoots a stone.
The stone hits you!
* * * LOW HITPOINT WARNING * * *
The stone freezes you.
* * * LOW HITPOINT WARNING * * *
The goblin shoots a stone.
The stone hits you.
* * * LOW HITPOINT WARNING * * *
The stone freezes you.
* * * LOW HITPOINT WARNING * * *
The goblin shoots a stone.
The stone hits you!
You die...

############ #########
#.........## .(.?....###
#.#######(##
..g.......##### #.# #.##
.######.......########.#
##.##
.........g.g....@(..##.#
#.)..
.#####.#..###.#####.##.#
#..## .
#.#..###.#####.##.###
#.... #
#.#.................#
#.###
#.#.##########.####.#
#.... #.#.# #÷# #.#
#.... ..# #.# #.# #.##.
## #.# #.# #.##. #..
#.####.##.


You could see 2 goblins.

Vanquished Creatures
  A centaur (D:1)
  Terence (D:1)
  A gnoll (D:1)
  An ooze (D:1)
  A worm (D:2)
  3 giant cockroaches
  7 goblins
  6 hobgoblins
  5 kobolds (D:1)
  A quokka (D:2)
  6 bats
  2 giant newts (D:2)
  4 rats
39 creatures vanquished.

Notes
Turn   | Place    | Note
--------------------------------------------------------------
     0 | D:1      | Kloppie the Formicid Fire Elementalist began the quest for the Orb.
     0 | D:1      | Reached XP level 1. HP: 13/13 MP: 3/3
    49 | D:1      | Reached skill level 1 in Conjurations
   189 | D:1      | Reached skill level 1 in Fighting
   189 | D:1      | Reached XP level 2. HP: 15/21 MP: 5/5
   598 | D:1      | Reached XP level 3. HP: 14/27 MP: 6/6
   873 | D:1      | Noticed a centaur
   877 | D:1      | Killed a centaur
   877 | D:1      | Reached XP level 4. HP: 26/34 MP: 2/7
   877 | D:1      | Reached XP level 5. HP: 30/40 MP: 2/8
  1079 | D:1      | Learned a level 4 spell: Sticky Flame
  1500 | D:2      | Noticed Terence
  1583 | D:1      | Killed Terence
  1583 | D:1      | Reached skill level 4 in Fire Magic
  1867 | D:2      | Noticed Robin
  1960 | D:2      | Shot with a stone by a goblin

Action                   |  1- 3 |  4- 6 || total
-------------------------+-------+-------++-------
Melee: Short sword       |    72 |    15 ||    87
       Unarmed           |     3 |       ||     3
       Flail             |       |    33 ||    33
 Cast: Flame Tongue      |    18 |    17 ||    35
 Stab: Sleeping          |     3 |       ||     3
  Eat: Chunk             |       |     4 ||     4
